 Dungeon Crawl Stone Soup version 0.31.0-11-ge490571c62 (webtiles) character file.

Game seed: 14978618311597847264

198 qw the Skirmisher (level 5, -1/29 HPs)
             Began as a Deep Elf Hunter on Feb 4, 2024.
             Slain by Grinder (2 damage)
             ... on level 4 of the Dungeon.
             The game lasted 00:00:06 (1073 turns).

qw the Skirmisher (Deep Elf Hunter)                 Turns: 1073, Time: 00:00:07

Health: -1/29      AC:  8    Str:  9 (10) XL:     5   Next: 47%
Magic:  7/7        EV: 11    Int: 14      God:
Gold:   83         SH:  0    Dex: 18      Spells: 4/4 levels left

rFire   . . .        a - +0 shortbow
rCold   . . .        (shield currently unavailable)
rNeg    . . .        d - +0 ring mail
rPois   .            (no helmet)
rElec   .            f - +2 cloak
rCorr   .            (no gloves)
SInv    .            (no boots)
Will    +....        (no amulet)
Stlth   +            i - ring of willpower
HPRegen 0.24/turn    (no ring)
MPRegen 0.10/turn

%: no passive effects
@: no status effects
A: no striking features
a: no special abilities


You were on level 4 of the Dungeon.
You visited 1 branch of the dungeon, and saw 3 of its levels.

You collected 83 gold pieces.


   Skills:
 + Level 1.5 Fighting
 - Level 9.0 Ranged Weapons
 - Level 2.4 Dodging
 - Level 1.2 Stealth


You had 4 spell levels left.
You didn't know any spells.
Your spell library was empty.

Inventory:

Hand Weapons
 a - a +0 shortbow (weapon)
Armour
 d - a +0 ring mail (worn)
 f - a +2 cloak (worn)
 g - a +0 helmet
Jewellery
 i - a ring of willpower (left hand)
Scrolls
 b - 3 scrolls of teleportation {unknown}
 e - a scroll of noise {unknown}
 j - a scroll of identify {unknown}
Potions
 c - 2 potions of curing {unknown}
 h - 3 potions of heal wounds {unknown}

Dungeon Overview and Level Annotations

Branches:
Dungeon (2/15)

Altars:
Hepliaklqana

Annotations:
D:4 Grinder


Message History

You shoot an arrow. The arrow barely misses Grinder.
Grinder zaps a wand.
The puff of flame misses you.
You shoot an arrow. The arrow closely misses Grinder.
Grinder zaps a wand.
The puff of flame hits you but does no damage.
You shoot an arrow.
The arrow hits Grinder but does no damage.
Grinder is moderately wounded.
You shoot an arrow. The arrow hits Grinder.
Grinder is moderately wounded.
Grinder gestures at you. You resist with some effort.
You shoot an arrow.
The arrow hits Grinder but does no damage.
Grinder is moderately wounded.
Grinder zaps a wand.
The puff of flame hits you.
You shoot an arrow. The arrow closely misses Grinder.
You shoot an arrow. The arrow closely misses Grinder.
Grinder gestures at you. You resist with some effort.
You shoot an arrow. The arrow hits Grinder.
Grinder is moderately wounded.
You shoot an arrow. The arrow barely misses Grinder.
You shoot an arrow. The arrow closely misses Grinder.
Grinder blinks!
You shoot an arrow. The arrow hits Grinder!
Grinder is heavily wounded.
Grinder zaps a wand.
The puff of flame hits you.
You shoot an arrow. The arrow barely misses Grinder.
Grinder gestures at you. Pain shoots through your body!
You shoot an arrow. The arrow closely misses Grinder.
Grinder gestures at you. Pain shoots through your body!
You shoot an arrow. The arrow completely misses Grinder.
You shoot an arrow. The arrow hits Grinder.
Grinder is heavily wounded.
Grinder hits you!
You writhe in agony.
You die...
Grinder sighs, "Dead already?
I want a refund."

#.#.#.#.#.#.##.
.#.##...##.#.!#
.(...(...(...#
#.##...##.#..#
#.#.#.#.#.#...
#.)##.##..#..# #
##(...(...(##.# .).
#.####.####.#.##.....
##.# #.)#...5@)......
#..# #.[....###....!.
###.### #.##)...#
.....
......##..##....#
....
......[..###....# ...
.......####...).# ..
.......# #....## .
......... .........
......#####>#.....#


You could see Grinder.

Vanquished Creatures
  A howler monkey (D:4)
  A hound (D:4)
  Jessica (D:2)
  A sleepcap (D:4)
  2 adders
  3 orcs (D:4)
  5 ball pythons
  6 endoplasms
  3 giant cockroaches
  3 goblins
  6 hobgoblins
  2 quokkas (D:1)
  8 bats
  2 frilled lizards
  9 kobolds
  4 rats
57 creatures vanquished.

Notes
Turn   | Place    | Note
-------+----------+-------------------------------------------
     0 | D:1      | qw the Deep Elf Hunter began the quest for the Orb.
     0 | D:1      | Reached XP level 1. HP: 12/12 MP: 3/3
     0 | D:1      | 0 ||| qw: Version: 0.3-a-160-g6735b56
     0 | D:1      | 0 ||| qw: Game counter: 4431
     0 | D:1      | 0 ||| qw: Melee chars always use a shield: true
     0 | D:1      | 0 ||| qw: God list: Okawaru
     0 | D:1      | 0 ||| qw: Allow faded altars: false
     0 | D:1      | 0 ||| qw: Do Orc after clearing Dungeon:15 true
     0 | D:1      | 0 ||| qw: Do second Lair branch before Depths: true
     0 | D:1      | 0 ||| qw: Lair rune preference: random
     0 | D:1      | 0 ||| qw: Goals: Normal
     0 | D:1      | 0 ||| PLANNING D:1-11
   124 | D:1      | Reached XP level 2. HP: 16/16 MP: 4/4
   141 | D:1      | Reached skill level 6 in Ranged Weapons
   363 | D:1      | Reached XP level 3. HP: 20/20 MP: 5/5
   442 | D:1      | 442 ||| UPGRADING to +0 ring mail.
   452 | D:1      | 452 ||| DROPPING +0 leather armour.
   453 | D:1      | 453 ||| UPGRADING to +2 cloak.
   458 | D:1      | 458 ||| UPGRADING to ring of willpower.
   459 | D:1      | 459 ||| READING 3 scrolls labelled DAX AGIUXYMP.
   460 | D:1      | 460 ||| DRINKING 2 fuming amethyst potions.
   461 | D:1      | 461 ||| DROPPING scroll of butterflies.
   462 | D:1      | 462 ||| DROPPING 2 scrolls of revelation.
   463 | D:1      | 463 ||| DROPPING potion of degeneration.
   526 | D:2      | Found a hazy altar of Hepliaklqana.
   550 | D:2      | Reached skill level 7 in Ranged Weapons
   558 | D:2      | 558 ||| FLEEEEING.
   560 | D:2      | 560 ||| FLEEEEING.
   561 | D:2      | 561 ||| FLEEEEING.
   562 | D:2      | 562 ||| FLEEEEING.
   758 | D:2      | Noticed Jessica
   762 | D:2      | Killed Jessica
   763 | D:2      | Reached XP level 4. HP: 25/25 MP: 6/6
   808 | D:2      | 808 ||| FLEEEEING.
   832 | D:2      | You fall into a shaft and drop 2 floors!
   871 | D:4      | Reached skill level 8 in Ranged Weapons
   901 | D:4      | Reached XP level 5. HP: 29/29 MP: 7/7
   920 | D:4      | HP: 4/29 [sleepcap (5)]
  1034 | D:4      | Reached skill level 9 in Ranged Weapons
  1055 | D:4      | Noticed Grinder
  1073 | D:4      | HP: 1/29 [Grinder (8)]
  1073 | D:4      | Slain by Grinder

Levels and vault maps discovered:
D:1:      lemuel_arrival_room, layout_basic
D:2:      layout_basic, basic_altar, serial_corexii_hall,
          chequers_hall_statues_y, chequers_hall_statues_corner_a,
          corexii_hall_statues_l, basic_ecumenical_altar, dk_noncrumbling_4,
          minmay_quantized, uniq_jessica
D:4:      layout_rooms, roderic_three_in_a_row, uniq_crazy_yiuf_cottage,
          uniq_grinder, uniq_duvessa

Skill      XL: |  1  2  3  4  5 |
---------------+----------------+-----
Ranged Weapons | 6 7 8 9 |  9.0
Fighting       | |  1.5
Dodging        | |  2.4
Stealth        | |  1.2

Action                     |  1- 3 |  4- 6 || total
---------------------------+-------+-------++-------
   Fire: Shortbow          |    93 |    76 ||   169
    Use: Scroll            |     1 |       ||     1
         Potion            |     1 |       ||     1
 Armour: Leather armour    |     4 |       ||     4
         Ring mail         |     7 |    32 ||    39
  Dodge: Dodged            |    24 |    14 ||    38

Table legend:
 A = Non-vault XP
 B = Vault XP
 C = Vault XP percentage of total XP
 D = Non-vault monster count
 E = Vault monster count
 F = Vault count percentage of total count
                 A         B        C        D         E       F
            +---------+---------+-------+---------+---------+-------
      Total |     246 |      37 |  13.1 |      56 |       1 |   1.8
            +---------+---------+-------+---------+---------+-------
        D:1 |      55 |       0 |   0.0 |      33 |       0 |   0.0
        D:2 |      29 |      37 |  56.1 |      11 |       1 |   8.3
        D:4 |     162 |       0 |   0.0 |      12 |       0 |   0.0
            +---------+---------+-------+---------+---------+-------
